 Dungeon Crawl Stone Soup version 0.30-a0-696-g2367cd04db (webtiles) character file.

Game seed: 1194733981978990037

47888 bmack86 the Severer (level 14, -1/126 HPs)
             Began as a Minotaur Fighter on Jan 20, 2023.
             Was a High Priest of Okawaru.
             Drowned by a drowned soul (17 damage)
             ... summoned by a merfolk avatar
             ... on level 5 of the Lair of Beasts on Jan 21, 2023.
             The game lasted 00:41:32 (15386 turns).

bmack86 the Severer (Minotaur Fighter)             Turns: 15386, Time: 00:41:33

Health: -1/126     AC: 25    Str: 29    XL:     14   Next: 10%
Magic:  28/28      EV: 13    Int:  5    God:    Okawaru [*****.]
Gold:   969        SH: 12    Dex: 15    Spells: 13/13 levels left

rFire   + . .      SeeInvis .    U - +2 broad axe "Neciycus" {heavy, Drain MP+9 Str+3 Dex+5}
rCold   . . .      Faith    .    c - +0 buckler
rNeg    . . .      Spirit   .    Q - +3 plate armour {rF+}
rPois   +          Reflect  +    (helmet restricted)
rElec   .          Harm     .    I - +0 cloak {rPois}
rCorr   .          Rampage  .    C - +0 pair of gloves
Will    +....                    n - +2 pair of boots Stlth
                                 s - amulet of reflection
HPRegen 0.41/turn                S - ring of flight
MPRegen 0.21/turn                H - +5 ring of evasion

@: spiked, flying, mesmerised
A: horns 2, retaliatory headbutt
a: Renounce Religion, Heroism, Finesse, Duel


You were on level 5 of the Lair of Beasts.
You worshipped Okawaru.
Okawaru was extremely pleased with you.
You visited 3 branches of the dungeon, and saw 16 of its levels.
You also visited: Volcano.

You collected 1147 gold pieces.
You spent 178 gold pieces at shops.

Inventory:

Hand Weapons
 T - a +1 war axe of electrocution
 U - the +2 broad axe "Neciycus" (weapon) {heavy, Drain MP+9 Str+3 Dex+5}
   (Okawaru gifted it to you in a volcano)

   Str:       It affects your strength (+3).
   Dex:       It affects your dexterity (+5).
   MP:        It affects your magic capacity (+9).
   Drain:     It drains your maximum health when unequipped.
Missiles
 e - 13 javelins (quivered)
 k - a throwing net
 p - 9 boomerangs
 J - 5 curare-tipped darts
Armour
 c - a +0 buckler (worn)
 n - a +2 pair of boots (worn)
 C - a +0 pair of gloves (worn)
 I - a +0 cloak of poison resistance (worn)
 Q - a +3 plate armour of fire resistance (worn)
Jewellery
 a - a ring of fire
 b - a ring of protection from cold
 h - an amulet of the acrobat
 m - a ring of ice
 s - an amulet of reflection (around neck)
 u - a +6 ring of strength
 y - a ring of fire
 B - a ring of magical power
 H - a +5 ring of evasion (right hand)
 M - a ring of see invisible
 S - a ring of flight (left hand)
Wands
 g - a wand of flame (23)
 q - a wand of iceblast (13)
 r - a wand of paralysis (10)
 K - a wand of acid (11)
 P - a wand of digging (5)
Scrolls
 l - a scroll of blinking
 o - 6 scrolls of teleportation
 t - 4 scrolls of identify
 v - 2 scrolls of fog
 w - a scroll of amnesia
 A - a scroll of magic mapping
 G - a scroll of enchant weapon
 L - a scroll of poison
 O - 2 scrolls of silence
Potions
 d - a potion of might
 f - 6 potions of haste
 i - 8 potions of magic
 j - a potion of resistance
 x - 4 potions of heal wounds
 z - 6 potions of curing
 D - 2 potions of flight
 E - 5 potions of berserk rage
 F - 5 potions of brilliance
 R - a potion of cancellation


   Skills:
 + Level 12.1 Fighting
 * Level 16.1 Axes
 + Level 9.5 Throwing
 + Level 12.2 Armour
 + Level 12.0 Shields
 + Level 8.7 Invocations


You had 13 spell levels left.
You didn't know any spells.
Your spell library contained the following spells:

 Spells                   Type           Power      Damage    Failure   Level
 Necrotise                Necr           0%         1d4       99%         1
 Shock                    Conj/Air       0%         1d3       99%         1
 Blink                    Tloc           0%         N/A       100%        2
 Ensorcelled Hibernation  Hex/Ice        0%         N/A       100%        2
 Momentum Strike          Conj/Tloc      0%         3d8       100%        2
 Kindle Blastsparks       Fire/Tloc/Air  0%         2d10      100%        3
 Spider Form              Tmut/Pois      0%         N/A       100%        3
 Stone Arrow              Conj/Erth      0%         3d7       100%        3
 Vampiric Draining        Necr           0%         2d6       100%        3
 Anguish                  Hex/Necr       0%         N/A       100%        4
 Manifold Assault         Tloc           0%         N/A       100%        4
 Agony                    Necr           0%         N/A       100%        5
 Borgnjor's Vile Clutch   Necr/Erth      0%         N/A       100%        5
 Freezing Cloud           Conj/Ice/Air   0%         6-21      100%        5
 Iskenderun's Battlesphe  Conj           0%         2d6       100%        5
 Dispersal                Tloc           0%         N/A       100%        6
 Iron Shot                Conj/Erth      0%         9d1       100%        6
 Storm Form               Tmut/Air       0%         N/A       100%        7
 Disjunction              Tloc           0%         N/A       100%        8
 Lehudib's Crystal Spear  Conj/Erth      0%         10d2      100%        8
 Polar Vortex             Ice            0%         N/A       100%        9
 Animate Armour           Summ/Erth      Unusable   N/A       N/A         4
 Animate Dead             Necr           Unusable   N/A       N/A         4
 Summon Lightning Spire   Summ/Air       Unusable   N/A       N/A         4
 Death Channel            Necr           Unusable   N/A       N/A         6
 Simulacrum               Ice/Necr       Unusable   N/A       N/A         6
 Spellforged Servitor     Conj/Summ      Unusable   N/A       N/A         7

Dungeon Overview and Level Annotations

Branches:
Dungeon (10/15)            Temple (1/1) D:7            Lair (5/5) D:10
 Shoals (0/4) Lair:3        Snake (0/4) Lair:3        Slime (0/5) Lair:4
Volcano (visited)
    Orc: D:9-12

Altars:
Ashenzari
Cheibriados
Dithmenos
Elyvilon
Fedhas
Gozag
Hepliaklqana
Kikubaaqudgha
Makhleb
Nemelex Xobeh
Okawaru
Qazlal
Ru
Sif Muna
Trog
Uskayaw
Vehumet
Wu Jian
Xom
Yredelemnul
Zin
The Shining One
Jiyva

Shops:
D:1 *   D:3 *   D:6 [   D:9 ?


Innate Abilities, Weirdness & Mutations

You have a pair of horns on your head.
You reflexively headbutt those who attack you in melee.


Message History

The drowned soul returns to the deep!
The merfolk avatar chants its luring song.
The drowned soul touches you. The drowned soul drowns you!
You hit the merfolk avatar. You headbutt the merfolk avatar!
The merfolk avatar is lightly wounded.
The merfolk avatar chants its luring song.
The manticore flicks its tail.
The volley of spikes misses you.
You closely miss the merfolk avatar.
The merfolk avatar is lightly wounded.
The manticore flicks its tail.
The volley of spikes hits you!
The barbed spikes become lodged in your body.
The barbed spikes dig painfully into your body as you move.
The merfolk avatar chants its luring song.
You block the drowned soul's attack.
You completely miss the drowned soul. Your headbutt misses the drowned soul.
You slice the merfolk avatar!! The drowned soul touches you.
The drowned soul drowns you!
The barbed spikes dig painfully into your body as you move.
The merfolk avatar chants its luring song.
The manticore bites you but does no damage.
The manticore barely misses you. You block the manticore's attack.
You block the drowned soul's attack.
You slash the drowned soul! Your headbutt misses the drowned soul.
The drowned soul is heavily damaged.
You completely miss the manticore.
The pull of its song draws you forwards.
The drowned soul touches you. The drowned soul drowns you!
* * * LOW HITPOINT WARNING * * *
The drowned soul touches you. The drowned soul drowns you!
* * * LOW HITPOINT WARNING * * *
The manticore bites you but does no damage.
The manticore claws you but does no damage.
You block the manticore's attack.
You slice the manticore!!
The manticore is heavily wounded.
The pull of its song draws you forwards.
The drowned soul touches you. The drowned soul drowns you!
You die...

.# ##~~~~~~~.~~~~.~~~~..~
P# #P.#~~########.~~#####
#####.~##~#~~.#⌠~#~#.#.~⌠#
##.#..~~~~~~#~.~~~~~~~.~~#
..##...~~~~~~~#.~~~~~~~~~~
.P# ...##~#~#~#~8~#~###8~#
..#..#.~#~#~~~~~P#)$!$#~~.
...# #...~~~8.~~.'$≈W?~..#
÷..# .~~~~~~~H~@mW≈W!#.~
.....P~#P.#~~~~~~#)?$!# #
......~## #~#.#~~~#####
.PP...~~ #~~~#~~~$~~
......~~ ~~~~~#P~~~~~#
......~P#~~.~~~⌠~.~~#..
#...#..~P~###.####~## #
.....~.~~ ~~~ ~~


You could see a merfolk avatar (mesmerising), a manticore and 3 drowned souls.

Vanquished Creatures
  A dire elephant (Lair:5)
  Josephine (Lair:4)
  Fannar (Lair:3)
  3 hydras
  A centaur warrior (D:9)
  4 two-headed ogres
  2 boulder beetles
  5 death yaks (Lair:5)
  Urug (Lair:2)
  A deep elf archer (Volcano)
  7 deep elf pyromancers
  A harpy (Lair:5)
  Pikel (D:7)
  An ugly thing (D:9)
  A manticore (D:10)
  2 cyclopes (D:9)
  3 black mambas
  2 elephants (Lair:5)
  2 gargoyles
  10 cane toads
  2 rime drakes
  2 torpor snails
  7 komodo dragons
  A queen bee (shapeshifter) (D:9)
  A hornet (Lair:5)
  2 trolls
  A wind drake (Lair:5)
  16 blink frogs
  5 polar bears
  A shadow (D:5)
  3 snapping turtles (Lair:5)
  43 yaks
  6 wyverns
  6 wraiths
  A human (shapeshifter) (D:9)
  2 basilisks
  5 steam dragons
  4 fire elementals (Volcano)
  Grum (D:9)
  A vampire mosquito (D:9)
  Menkaure (Temple)
  2 wargs (D:10)
  3 nagas (Lair:3)
  7 hell hounds (Volcano)
  9 water moccasins
  3 orc warriors
  2 ice beasts
  2 black bears
  4 ogres
  4 wolves (D:9)
  5 centaurs
  A kobold brigand (D:9)
  3 phantoms
  9 bullfrogs
  A necrophage (D:5)
  7 scorpions
  5 wights
  16 killer bees
  2 howler monkeys (D:9)
  5 jellies
  A gnoll bouda (D:6)
  2 orc priests
  6 hounds
  Crazy Yiuf (D:7)
  Ijyb (D:3)
  2 iguanas (D:5)
  9 orc wizards
  19 adders
  4 gnolls (D:6)
  2 white imps
  3 ufetubi
  2 worms
  A dart slug (D:2)
  23 orcs
  7 endoplasms
  4 giant cockroaches
  5 goblins
  3 hobgoblins
  11 jackals
  12 kobolds
  5 quokkas
  6 ball pythons
  4 bats
  3 frilled lizards
  A rat (D:3)
388 creatures vanquished.

Vanquished Creatures (others)
  13 fungi
  27 plants
  11 withered plants (Lair:4)
51 creatures vanquished.

Grand Total: 439 creatures vanquished

Notes
Turn   | Place    | Note
-------+----------+-------------------------------------------
     0 | D:1      | bmack86 the Minotaur Fighter began the quest for the Orb.
     0 | D:1      | Reached XP level 1. HP: 19/19 MP: 0/0
   319 | D:1      | Reached XP level 2. HP: 27/27 MP: 1/1
   388 | D:1      | Found Nocasm's General Store.
   453 | D:1      | Reached skill level 3 in Axes
   725 | D:2      | Reached XP level 3. HP: 30/33 MP: 2/2
   804 | D:2      | Got Miabuikk's Atlas of Familiar Portals
   994 | D:2      | Reached XP level 4. HP: 28/40 MP: 3/3
  1085 | D:2      | Reached skill level 4 in Axes
  1085 | D:2      | Reached skill level 1 in Throwing
  1455 | D:1      | Bought a scroll of identify for 22 gold pieces
  1455 | D:1      | Bought a scroll of identify for 22 gold pieces
  1455 | D:1      | Bought a scroll of identify for 22 gold pieces
  1630 | D:3      | Reached XP level 5. HP: 47/47 MP: 4/4
  1669 | D:3      | Noticed Ijyb
  1682 | D:3      | Killed Ijyb
  1767 | D:3      | Found Guusch's Assorted Antiques.
  1931 | D:3      | You fall into a shaft and drop 1 floor!
  2021 | D:3      | Found a glowing silver altar of Zin.
  2071 | D:3      | Found an ornate altar of the Wu Jian Council.
  2197 | D:3      | Noticed a black bear
  2204 | D:3      | Killed a black bear
  2205 | D:3      | Reached skill level 5 in Axes
  2205 | D:3      | Reached XP level 6. HP: 55/55 MP: 5/5
  2366 | D:4      | Reached skill level 5 in Fighting
  2366 | D:4      | Reached skill level 5 in Armour
  2500 | D:4      | Reached skill level 5 in Shields
  2500 | D:4      | Reached XP level 7. HP: 52/61 MP: 6/6
  2658 | D:4      | Reached skill level 6 in Axes
  3133 | D:5      | Entered Level 5 of the Dungeon
  3270 | D:7      | Reached skill level 7 in Axes
  3270 | D:7      | Reached XP level 8. HP: 70/70 MP: 7/7
  3293 | D:7      | Found a staircase to the Ecumenical Temple.
  3301 | D:7      | Noticed Menkaure
  3313 | Temple   | Entered the Ecumenical Temple
  3316 | Temple   | Killed Menkaure
  3642 | D:6      | Found a stormy altar of Qazlal.
  3653 | D:6      | Found an iron altar of Okawaru.
  3658 | D:6      | Became a worshipper of Warmaster Okawaru
  3716 | D:5      | Reached skill level 8 in Axes
  3831 | D:5      | Reached skill level 1 in Invocations
  3882 | D:5      | Found a large runed translucent door.
  3882 | D:5      | Found a large runed translucent door.
  3884 | D:5      | Noticed a troll
  3895 | D:5      | Reached * piety under Okawaru
  3897 | D:5      | Killed a troll
  3898 | D:5      | Reached XP level 9. HP: 11/78 MP: 7/9
  3899 | D:5      | Found a large runed translucent door.
  3899 | D:5      | Found a large runed translucent door.
  3911 | D:5      | Got the Textbook on the Fifth Circle and Rallying
  4214 | D:5      | Reached skill level 9 in Axes
  4216 | D:5      | Noticed a two-headed ogre
  4221 | D:5      | Killed a two-headed ogre
  4221 | D:5      | Reached ** piety under Okawaru
  4222 | D:5      | Reached skill level 5 in Throwing
  4871 | D:6      | Found Inirpho's Antique Armour Boutique.
  5299 | D:7      | Noticed Pikel
  5305 | D:7      | Reached skill level 10 in Axes
  5305 | D:7      | Reached XP level 10. HP: 69/88 MP: 11/11
  5311 | D:7      | Killed Pikel
  5311 | D:7      | Reached *** piety under Okawaru
  5712 | D:7      | Found a runed translucent door.
  5713 | D:7      | Noticed Crazy Yiuf
  5719 | D:7      | Killed Crazy Yiuf
  6042 | D:8      | Found a burning altar of Makhleb.
  6386 | D:8      | Noticed a two-headed ogre
  6396 | D:8      | Killed a two-headed ogre
  6845 | D:9      | Reached **** piety under Okawaru
  6923 | D:9      | Noticed a deep elf pyromancer
  6929 | D:9      | Killed a deep elf pyromancer
  6930 | D:9      | Reached skill level 11 in Axes
  7044 | D:9      | Noticed a cyclops
  7052 | D:9      | Killed a cyclops
  7122 | D:9      | Found Lacsoohoe's Magic Scroll Shop.
  7129 | D:9      | Noticed a two-headed ogre
  7144 | D:9      | Killed a two-headed ogre
  7147 | D:9      | Reached XP level 11. HP: 74/95 MP: 11/13
  7216 | D:9      | Noticed a boulder beetle
  7238 | D:9      | Killed a boulder beetle
  7343 | D:9      | Bought a scroll of enchant weapon for 112 gold pieces
  7463 | D:9      | Reached skill level 5 in Invocations
  7475 | D:9      | Noticed a centaur warrior
  7476 | D:9      | Noticed a purple ugly thing
  7488 | D:9      | Killed a purple ugly thing
  7488 | D:9      | Received a gift from Okawaru
  7508 | D:9      | Killed a centaur warrior
  7508 | D:9      | Received a gift from Okawaru
  7509 | D:9      | Reached skill level 12 in Axes
  7536 | D:9      | Reached ***** piety under Okawaru
  8155 | D:9      | Noticed Grum
  8173 | D:9      | Killed Grum
  8874 | D:10     | Entered Level 10 of the Dungeon
  9079 | D:10     | Found a staircase to the Lair.
  9208 | D:10     | Noticed a two-headed ogre
  9215 | D:10     | Killed a two-headed ogre
  9216 | D:10     | Reached skill level 10 in Armour
  9607 | D:10     | Reached skill level 13 in Axes
  9804 | Lair:1   | Entered Level 1 of the Lair of Beasts
  9826 | Lair:1   | Received a gift from Okawaru
  9827 | Lair:1   | Reached skill level 10 in Fighting
  9827 | Lair:1   | Reached XP level 12. HP: 97/106 MP: 15/15
 10095 | Lair:1   | Reached skill level 10 in Shields
 10339 | Lair:1   | Received a gift from Okawaru
 10465 | Lair:1   | Received a gift from Okawaru
 11108 | Lair:2   | Reached skill level 14 in Axes
 11163 | Lair:2   | Noticed a boulder beetle
 11186 | Lair:2   | Killed a boulder beetle
 11213 | Lair:2   | Found a dark tunnel.
 11218 | Volcano  | Entered a volcano
 11409 | Volcano  | Identified the +2 broad axe "Neciycus" {heavy, Drain MP+9
                  | Str+3 Dex+5} (Okawaru gifted it to you in a volcano)
 11409 | Volcano  | Received a gift from Okawaru
 11542 | Volcano  | Reached ****** piety under Okawaru
 11658 | Volcano  | Reached XP level 13. HP: 44/116 MP: 17/17
 12173 | Lair:2   | Noticed Urug
 12182 | Lair:2   | Killed Urug
 12783 | Lair:3   | Noticed Fannar
 12790 | Lair:3   | Killed Fannar
 13004 | Lair:3   | Found a staircase to the Shoals.
 13101 | Lair:3   | Found a staircase to the Snake Pit.
 13453 | Lair:4   | Received a gift from Okawaru
 13454 | Lair:4   | Reached skill level 15 in Axes
 13544 | Lair:4   | Found a staircase to the Slime Pits.
 13545 | Lair:4   | Found a viscous altar of Jiyva.
 13879 | Lair:4   | Noticed Josephine
 13888 | Lair:4   | Killed Josephine
 13892 | Lair:4   | Received a gift from Okawaru
 14399 | Lair:5   | Entered Level 5 of the Lair of Beasts
 14443 | Lair:5   | Identified the +6 scale mail of Sunlight {rN+ Str+4 Int-3
                  | SInv} (Okawaru gifted it to you on level 5 of the Lair of
                  | Beasts)
 14443 | Lair:5   | Received a gift from Okawaru
 14737 | Lair:5   | Reached XP level 14. HP: 124/126 MP: 19/19
 14761 | Lair:5   | Reached skill level 16 in Axes
 15386 | Lair:5   | Drowned by a drowned soul

Illustrated notes

Levels and vault maps discovered:
D:1:      kilobyte_arrival_exit_the_forest, layout_rooms, serial_shops,
          nicolae_diamond_shop, kennysheep_another_room, due_unseen_surprise
D:2:      layout_basic
D:3:      layout_rooms, pdpol_wu_jian_five_deadly_venoms, zin_treasury,
          serial_shops, nicolae_shop_trees, dk_vineyard_2, uniq_ijyb
D:4:      layout_gridville, serial_rivers, chequers_serial_rivers_marsh,
          chequers_serial_rivers_micro_b, chequers_serial_rivers_micro_e,
          chequers_serial_rivers_small_3
D:5:      layout_rooms, minmay_hollow_rounded_squares
D:6:      layout_loops_corners, mainiacjoe_overflow_big_doors, serial_shops,
          shop, hex_large
D:7:      layout_basic, minmay_temple_entry_offerings, uniq_menkaure,
          uniq_pikel, uniq_crazy_yiuf_cottage
D:8:      nicolae_cairo_tiling_large_dashed, layout_gridville, bloody_makhleb
D:9:      minmay_the_grid_triangle_9x9_recursive_2_mashed
          [minmay_the_grid_triangle_9x9_prize_schism,
          minmay_the_grid_triangle_9x9_skeleton,
          minmay_the_grid_triangle_9x9_dagger,
          minmay_the_grid_triangle_9x9_from_above], layout_basic, serial_shops,
          nicolae_inconvenience_store, uniq_grum
D:10:     layout_gridville, erik_lair_orcish_takeover, amcnicky_mini_pool_small,
          hangedman_abyss_or_decor_slice
Temple:   minmay_temple_bridge_d
Lair:1:   layout_big_grid, grunt_megastairs_3
Lair:2:   hellmonk_destroyed_diamonds, layout_loops_ring, enter_volcano_4,
          uniq_urug
Lair:3:   layout_roguey, shoals_dummy_entry, minmay_snake_entry_guardpost_small,
          uniq_fannar
Lair:4:   layout_hall_layers, slime_entry_1, pdpol_lair_neglected_garden,
          grunt_megastairs_2, uniq_josephine
Lair:5:   gammafunk_lair_ancient_temple, layout_cave_shapes,
          eino_house_with_fridge, serial_bayou_shore_b

Skill      XL: |  1  2  3  4  5  6  7  8  9 10 11 12 13 14 |
---------------+-------------------------------------------+-----
Axes           | 3 4 5 7 8 10 11 13 14 15 16 | 16.1
Fighting       | 4 5 6 7 8 10 11 12 | 12.1
Armour         | 4 5 6 7 8 10 11 12 | 12.2
Shields        | 4 5 6 7 8 9 10 11 12 | 12.0
Throwing       | 1 2 3 4 5 6 7 8 9 |  9.5
Invocations    | 1 3 4 6 7 8 |  8.7

Action                   |  1- 3 |  4- 6 |  7- 9 | 10-12 | 13-15 || total
-------------------------+-------+-------+-------+-------+-------++-------
Melee: War axe           |    87 |    91 |   190 |   446 |       ||   814
       Headbutt          |     4 |    12 |    31 |    97 |    50 ||   194
       Broad axe         |       |       |       |    15 |   196 ||   211
Throw: Boomerang         |       |       |       |     5 |       ||     5
       Javelin           |       |       |       |       |     1 ||     1
Invok: Heroism           |       |       |     1 |     4 |     3 ||     8
       Finesse           |       |       |       |     1 |     3 ||     4
Evoke: Wand              |       |       |       |     1 |       ||     1
  Use: Scroll            |       |     7 |    17 |    10 |       ||    34
       Potion            |       |       |     1 |     1 |       ||     2
Armor: Scale mail        |    60 |    39 |       |       |       ||    99
       Chain mail        |       |    13 |    63 |       |       ||    76
       Plate armour      |       |       |    19 |   227 |   157 ||   403
Dodge: Dodged            |    74 |    85 |   176 |   244 |   148 ||   727
Block: Buckler           |    33 |    39 |    58 |   274 |   178 ||   582
       Reflection        |       |       |       |     4 |     1 ||     5

Table legend: (Time is in decaauts)
 A = Elapsed time spent in this place.
 B = Non-inter-level travel time spent in this place.
 C = Inter-level travel time spent in this place.
 D = Time resting spent in this place.
 E = Time spent auto-exploring this place.
 F = Levels seen in this place.
 G = Mean time per level.
                   A        B        C        D        E       F      G
               +--------+--------+--------+--------+--------+-----+--------+
         Total |  15481 |  14669 |    812 |   1429 |   8068 |  17 |  910.6 |
       Dungeon |   9603 |   8964 |    639 |    212 |   5203 |  10 |  960.3 |
        Temple |    272 |    210 |     62 |    118 |     72 |   1 |  272.0 |
          Lair |   4897 |   4786 |    111 |    665 |   2771 |   5 |  979.4 |
       Volcano |    709 |    709 |      0 |    434 |     22 |   1 |  709.0 |
               +--------+--------+--------+--------+--------+-----+--------+

Top non-repeatable levels by time:
     D:9: 1731 daAuts
  Lair:4: 1313 daAuts
  Lair:1: 1187 daAuts
  Lair:2: 1033 daAuts
     D:7: 970 daAuts
     D:6: 933 daAuts
     D:8: 926 daAuts
    D:10: 922 daAuts
     D:4: 907 daAuts
     D:2: 858 daAuts
     D:3: 806 daAuts
     D:5: 778 daAuts
     D:1: 767 daAuts
 Volcano: 709 daAuts
  Lair:3: 700 daAuts
